 Dungeon Crawl Stone Soup version 0.16-a0-3997-g61da7c2 (webtiles) character file.

11 timbw the Caller (level 2, -1/11 HPs)
             Began as a Felid Summoner on Feb 13, 2015.
             Slain by an adder (2 damage)
             ... on level 3 of the Dungeon.
             The game lasted 00:02:19 (563 turns).

timbw the Caller (Felid Summoner)                    Turns: 563, Time: 00:02:20

Health: -1/11      AC:  1    Str:  4    XL:     2   Next: 17%
Magic:  1/6        EV: 18    Int: 16    God:
Gold:   34         SH:  0    Dex: 16    Spells: 2 memorised, 2 levels left
                                        Lives:  0   Deaths: 0

rFire  . . .     SeeInvis +     (weapon unavailable)
rCold  . . .     Clarity  .     (armour unavailable)
rNeg   . . .     SustAb   .     (shield unavailable)
rPois  .         Gourm    .     (helmet unavailable)
rElec  .         Spirit   .     (cloak unavailable)
rCorr  .         Warding  .     (gloves unavailable)
rMut   .         Stasis   .     (boots unavailable)
MR     .....                    (no amulet)
Stlth  ++........               (no ring)
                                (no ring)

@: flying (expiring), quick, not resistant to hostile enchantments, unstealthy
A: paw claws, no armour, no weapons or thrown items, fangs 3, see invisible,
carnivore 3, speed 1, shaggy fur 1, slow metabolism 1, sharp paws
a: no special abilities


You were on level 3 of the Dungeon.
You were not hungry.

You visited 1 branch of the dungeon, and saw 4 of its levels.

You collected 34 gold pieces.

Inventory:

Scrolls
 a - 2 scrolls of fog {unknown}
 e - a scroll of magic mapping {unknown}
 i - a scroll of teleportation {unknown}
 j - a scroll of random uselessness {unknown}
Potions
 f - a potion of agility
 k - a potion of flight
 l - a potion of heal wounds {unknown}
Books
 b - a book of Callings

   Spells                             Type                      Level
   a - Summon Small Mammal            Summoning                    1
   b - Call Imp                       Summoning                    2
   c - Call Canine Familiar           Summoning                    3
   d - Summon Guardian Golem          Hexes/Summoning              4
   e - Summon Lightning Spire         Summoning/Air                4
   f - Summon Ice Beast               Ice/Summoning                4
Comestibles
 c - 2 meat rations
 h - a slice of pizza


   Skills:
 - Level 2.6 Dodging
 - Level 2.6 Stealth
 + Level 2.4 Spellcasting
 + Level 4.2 Summonings


You had 2 spell levels left.
You knew the following spells:

 Your Spells              Type           Power        Failure   Level  Hunger
a - Summon Small Mammal   Summ           ###.         4%          1    #......
b - Call Imp              Summ           ###.....     8%          2    ###....


Dungeon Overview and Level Annotations

Branches:
Dungeon (4/15)
 Temple: D:4-7

Altars:
Zin

Annotations:
D:4 Pikel


Innate Abilities, Weirdness & Mutations

You cannot wear armour.
You are incapable of wielding weapons or throwing items.
You have razor-sharp teeth.
You have supernaturally acute eyesight.
You are carnivorous and can eat meat at any time.
You cover ground quickly.
You are covered in fur (AC +1).
You have a slow metabolism.
Your paws have sharp claws that are effective at stabbing.


Message History

The adder closely misses your crimson imp.
Your crimson imp hits the adder.
Your white imp hits the orc.
Your white imp freezes the orc.
The orc hits your white imp but does no damage. x2
The adder barely misses your crimson imp.
Unknown command.
Drink which item? (? for menu, Esc to quit)
It was a potion of restore abilities.
You feel refreshed.
Your crimson imp barely misses the adder.
Your white imp closely misses the orc.
The orc barely misses your white imp.
Unknown command.
Drink which item? (? for menu, Esc to quit)
It was a potion of cancellation.
Your magical effects are unravelling.
You feel magically purged.
You feel a little less agile now.
Your crimson imp hits the orc.
Your crimson imp blinks!
The adder bites you.
You die...

.......#
........#
.....5...#..
........#.#.##
#.....##.#....
#......#..#..
#ยง...s.#.....
#..S5oo.......
#..@5o#.....#
#####.#..#..#
#.##>#..#
#.......#
######......
.##.#. # #


You could see an adder, a giant mite, 3 orcs, 2 friendly crimson imps and a
friendly white imp.

Vanquished Creatures
  A giant cockroach (D:2)
  A goblin (D:2)
2 creatures vanquished.

Vanquished Creatures (collateral kills)
  An adder (D:2)
  A giant mite (D:2)
  A hobgoblin (D:3)
  A bat (D:2)
4 creatures vanquished.

Vanquished Creatures (others)
  2 bats (D:2)
2 creatures vanquished.

Grand Total: 8 creatures vanquished

Notes
Turn   | Place    | Note
--------------------------------------------------------------
     0 | D:1      | timbw, the Felid Summoner, began the quest for the Orb.
     0 | D:1      | Reached XP level 1. HP: 7/7 MP: 4/4
   216 | D:2      | Found a glowing silver altar of Zin.
   262 | D:2      | Reached XP level 2. HP: 1/11 MP: 0/6
   268 | D:2      | Learned a level 2 spell: Call Imp
   538 | D:4      | Noticed Pikel
   538 | D:4      | Noticed a slave
   538 | D:4      | Noticed a slave
   538 | D:4      | Noticed a slave
   538 | D:4      | Noticed a slave
   563 | D:3      | Slain by an adder

Action                   || total
-------------------------++-------
Melee: Unarmed           ||     8
 Cast: Summon Small Mamm ||     7
       Call Imp          ||     4
  Use: Potion            ||     4
 Stab: Sleeping          ||     2
  Eat: Chunk             ||     1
